 Dungeon Crawl Stone Soup version 0.26-a0-846-gcc8f1ee719 (webtiles) character file.

Game seed: 6450974471524991598

2122 mattiecakes the Skirmisher (level 9, -3/83 HPs)
             Began as a Palentonga Fighter on Nov 20, 2020.
             Was an Initiate of Makhleb.
             Splashed by a jelly's acid (7 damage)
             ... on level 6 of the Dungeon.
             The game lasted 00:06:15 (6701 turns).

mattiecakes the Skirmisher (Palentonga Fighter)     Turns: 6701, Time: 00:06:15

Health: -3/83      AC: 16    Str: 22    XL:     9   Next: 8%
Magic:  10/10      EV:  4    Int:  9    God:    Makhleb [......]
Gold:   226        SH: 15    Dex: 10    Spells: 8/8 levels left

rFire    . . .     SeeInvis +   a - +1 war axe
rCold    . . .     Faith    .   c - +0 kite shield
rNeg     . . .     Spirit   .   n - +0 chain mail
rPois    .         Reflect  +   (no helmet)
rElec    .         Harm     .   (no cloak)
rCorr    .         Rampage  .   (no gloves)
MR       .....                  (no barding)
Stlth    ..........             u - amulet of reflection
HPRegen  0.23/turn              (no ring)
MPRegen  0.12/turn              (no ring)

@: lethally poisoned (-3 -> -3), curled up
A: large, rugged brown scales 3, see invisible, deformed body, roll 1, armoured
tail, reflexive curl
a: Rolling Charge, Renounce Religion


You were on level 6 of the Dungeon.
You worshipped Makhleb.
Makhleb was noncommittal.
You visited 2 branches of the dungeon, and saw 7 of its levels.

You collected 226 gold pieces.

Inventory:

Hand Weapons
 a - a +1 war axe (weapon)
Armour
 c - a +0 kite shield (worn)
 n - a +0 chain mail (worn)
Jewellery
 u - an amulet of reflection (around neck)
Wands
 o - a wand of polymorph (8)
 q - a wand of flame (16)
Scrolls
 b - a scroll of teleportation {unknown}
 e - 4 scrolls of identify
 h - 3 scrolls of remove curse
Potions
 d - a potion of attraction
 f - a potion of curing
 i - a potion of resistance {unknown}
 j - a potion of ambrosia {unknown}
 k - a potion of haste {unknown}
 l - 4 potions of mutation {unknown}
 s - a potion of berserk rage {unknown}


   Skills:
 + Level 6.5 Fighting
 + Level 6.1 Axes
 + Level 5.5 Armour
 + Level 5.4 Shields
 + Level 2.1 Invocations


You had 8 spell levels left.
You didn't know any spells.
Your spell library contained the following spells:

 Spells                   Type           Power        Failure   Level
 Animate Skeleton         Necr           #.....       100%        1
 Apportation              Tloc           #.....       100%        1
 Corona                   Hex            #......      100%        1
 Summon Small Mammal      Summ           #...         100%        1


Dungeon Overview and Level Annotations

Branches:
Dungeon (6/15)             Temple (1/1) D:5

Altars:
Ashenzari
Dithmenos
Elyvilon
Fedhas
Gozag
Hepliaklqana
Kikubaaqudgha
Makhleb
Nemelex Xobeh
Okawaru
Qazlal
Ru
Sif Muna
Trog
Uskayaw
Vehumet
Wu Jian
Xom
Yredelemnul
Zin
The Shining One

Portals:
Abyss: D:3

Annotations:
D:3 2 transporters, marklar909's ghost, amateur TrWr


Innate Abilities, Weirdness & Mutations

You are completely covered in rugged brown scales. (AC +3, +7% HP)
You have supernaturally acute eyesight. (SInv)
Armour fits poorly on your strangely shaped body.
You can roll at nearby foes to attack.
You have a long armoured tail.
You curl defensively after being hit.


Message History

You are too injured to fight recklessly!
You are too injured to fight recklessly!
Unknown command.
You are too injured to fight recklessly!
Okay, then.
Unknown command.
You hit the ogre.
Your tail-slap misses the ogre.
The ogre is lightly wounded.
You feel sick. The ogre hits you with a +0 giant club!
* * * LOW HITPOINT WARNING * * *
You hit the ogre.
The ogre is lightly wounded.
You slash the jelly!
Your hands burn!
* * * LOW HITPOINT WARNING * * *
The ogre hits you with a +0 giant club!
* * * LOW HITPOINT WARNING * * *
The jelly hits you.
* * * LOW HITPOINT WARNING * * *
You are splashed with acid!
You die...

.....##.....#.##,**,,,,,,,,,*,,,,
.##........##....$......,,,,,,*,,
..#.=.....###...........,,,*,,***
.......................,,,**,****
..#...................,,,,,,,,,*,
....................#**,,,,,,,,,,
..#................##**,,,,,,,,,,
##..............JO..#,,,,,,,,,,,*
.##.............@...#,,**,**,,,**
.##.......>.....>...#*,*****,,,,,
8#............))#.......,,**,,,,,
.#....^.......)##..##...,,**,,,,,
.##..##........†####*,..,,,,,,,,,
###......#......!.#**,,.,,*,,***,
##....##...........,,,,***** **
##..####...##......,,**
####**...##*..##..,,,*


You could see an ogre and a jelly.

Vanquished Creatures
  Pikel (D:5)
  Edmund (D:4)
  An ice beast (D:5)
  A necrophage (D:6)
  A phantom (D:6)
  An ogre (D:4)
  A centaur (D:5)
  Blork the orc (D:5)
  3 bullfrogs (D:6)
  2 scorpions
  2 howler monkeys
  2 hounds
  A gnoll shaman (D:5)
  2 orc priests
  A bullfrog skeleton (D:4)
  2 orc wizards
  A centaur skeleton (D:5)
  2 iguanas
  Ijyb (D:5)
  3 worker ants
  15 adders
  7 gnolls
  2 white imps
  An ooze (D:1)
  2 adder skeletons (D:5)
  An adder zombie (D:5)
  3 worms
  4 leopard geckos
  15 orcs
  9 bats
  A giant cockroach (D:3)
  3 goblins
  5 hobgoblins
  5 jackals
  2 quokkas
  7 frilled lizards
  A jackal skeleton (D:5)
  6 kobolds
  A quokka skeleton (D:4)
  A quokka zombie (D:5)
  6 rats
127 creatures vanquished.

Notes
Turn   | Place    | Note
-------+----------+-------------------------------------------
     0 | D:1      | mattiecakes the Palentonga Fighter began the quest for the
                  | Orb.
     0 | D:1      | Reached XP level 1. HP: 20/20 MP: 1/1
    71 | D:1      | Reached XP level 2. HP: 19/27 MP: 2/2
   833 | D:2      | Reached XP level 3. HP: 33/33 MP: 3/3
  2057 | D:3      | Reached XP level 4. HP: 36/40 MP: 4/4
  2592 | D:3      | Reached XP level 5. HP: 35/49 MP: 5/5
  2770 | D:3      | Found a transporter.
  2773 | D:3      | Identified the +5 spear of Nausuosa {distort, rF- Str+7}
  2782 | D:3      | Noticed marklar909's ghost (amateur TrWr)
  3134 | D:3      | Found a transporter.
  3136 | D:3      | Noticed a toenail golem
  3184 | D:3      | Found a one-way gate to the infinite horrors of the Abyss.
  3764 | D:4      | Reached XP level 6. HP: 55/55 MP: 6/6
  3787 | D:4      | Noticed Edmund
  3797 | D:4      | Killed Edmund
  3960 | D:4      | Gained mutation: You curl defensively after being hit.
                  | [Palentonga growth]
  3960 | D:4      | Reached XP level 7. HP: 64/64 MP: 7/7
  4234 | D:4      | Reached skill level 5 in Fighting
  4622 | D:5      | Entered Level 5 of the Dungeon
  4625 | D:5      | Noticed Ijyb
  4632 | D:5      | Paralysed by Ijyb for 7 turns
  4644 | D:5      | Paralysed by Ijyb for 7 turns
  4653 | D:5      | Paralysed by Ijyb for 3 turns
  4658 | D:5      | Killed Ijyb
  5212 | D:5      | Noticed Blork the orc
  5221 | D:5      | Killed Blork the orc
  5222 | D:5      | Reached skill level 5 in Axes
  5222 | D:5      | Reached XP level 8. HP: 46/73 MP: 8/8
  5351 | D:5      | Found a staircase to the Ecumenical Temple.
  5553 | Temple   | Entered the Ecumenical Temple
  5963 | Temple   | Became a worshipper of Makhleb the Destroyer
  6016 | D:5      | Noticed Pikel
  6025 | D:5      | Killed Pikel
  6026 | D:5      | Reached skill level 5 in Armour
  6026 | D:5      | Reached skill level 5 in Shields
  6115 | D:5      | Found a bloodstained altar of Trog.
  6116 | D:5      | Found an iron altar of Okawaru.
  6180 | D:5      | Found an opulent altar of Gozag.
  6183 | D:5      | Found a hazy altar of Hepliaklqana.
  6187 | D:5      | Found a basalt altar of Yredelemnul.
  6278 | D:5      | Found a shimmering altar of Xom.
  6278 | D:5      | Found a glowing golden altar of the Shining One.
  6283 | D:5      | Found a faded altar of an unknown god.
  6285 | D:5      | Found a stormy altar of Qazlal.
  6287 | D:5      | Found a radiant altar of Vehumet.
  6455 | D:6      | Reached skill level 1 in Invocations
  6572 | D:6      | Found an iron altar of Okawaru.
  6689 | D:6      | Reached XP level 9. HP: 64/83 MP: 10/10
  6701 | D:6      | HP: 4/83 [jelly (1)]
  6701 | D:6      | Splashed by a jelly's acid

Illustrated notes

Levels and vault maps discovered:
D:1:      eino_arrival_druids_welcome, layout_basic
D:2:      layout_basic
D:3:      layout_loops_ring, gammafunk_ghost_abyssal_escape
D:4:      layout_basic, minmay_misc_feat_four_crosses, uniq_edmund
D:5:      layout_cave_pools, grunt_temple_overflow_bloody_war,
          grunt_temple_overflow_diamond, chequers_temple_overflow_minitemple,
          minmay_temple_entry_overgrown, corexii_item_surrounded_by_moat,
          uniq_ijyb, uniq_pikel, uniq_blork_the_orc
D:6:      layout_cave_pools, st_stairs_13, kennysheep_okawaru_gauntlet
Temple:   minmay_temple_forest_path

Skill      XL: |  1  2  3  4  5  6  7  8  9 |
---------------+----------------------------+-----
Armour         | 3 4 5 |  5.5
Shields        | 3 4 5 |  5.4
Axes           | 3 4 5 6 |  6.1
Fighting       | 4 5 6 |  6.5
Invocations    | 1 2 |  2.1

Action                   |  1- 3 |  4- 6 |  7- 9 || total
-------------------------+-------+-------+-------++-------
Melee: War axe           |    90 |   114 |   204 ||   408
       Tailslap          |     5 |     7 |    29 ||    41
  Use: Potion            |       |     1 |     4 ||     5
       Scroll            |       |       |     5 ||     5
Armor: Scale mail        |    62 |    55 |     5 ||   122
       Chain mail        |       |       |   102 ||   102
Dodge: Dodged            |    25 |    23 |    43 ||    91
Block: Kite shield       |    47 |    58 |   141 ||   246

Table legend: (Time is in decaauts)
 A = Elapsed time spent in this place.
 B = Non-inter-level travel time spent in this place.
 C = Inter-level travel time spent in this place.
 D = Time resting spent in this place.
 E = Time spent auto-exploring this place.
 F = Levels seen in this place.
 G = Mean time per level.
                   A        B        C        D        E       F      G
               +--------+--------+--------+--------+--------+-----+--------+
         Total |   6850 |   6471 |    379 |    711 |   4781 |   7 |  978.6 |
       Dungeon |   6398 |   6159 |    239 |    711 |   4490 |   6 | 1066.3 |
        Temple |    451 |    312 |    139 |      0 |    291 |   1 |  451.0 |
               +--------+--------+--------+--------+--------+-----+--------+

Top non-repeatable levels by time:
     D:2: 1575 daAuts
     D:5: 1291 daAuts
     D:4: 1261 daAuts
     D:3: 1071 daAuts
     D:1: 823 daAuts
  Temple: 451 daAuts
     D:6: 375 daAuts
